 Dungeon Crawl Stone Soup version 0.29.0-11-gd7f09526c8 (webtiles) character file.

Game seed: 344517094983866054

16 blackman the Sneak (level 2, -1/24 HPs)
             Began as a Demonspawn Delver on Sept 6, 2022.
             Slain by an ice beast (11 damage)
             ... on level 6 of the Dungeon.
             The game lasted 00:01:22 (466 turns).

blackman the Sneak (Demonspawn Delver)               Turns: 466, Time: 00:01:23

Health: -1/24      AC:  3    Str: 12    XL:     2   Next: 41%
Magic:  2/2        EV: 11    Int: 11    God:
Gold:   56         SH:  0    Dex: 14    Spells: 1/1 levels left

rFire   . . .      SeeInvis .   a - +0 mace
rCold   . . .      Faith    .   (no shield)
rNeg    . . .      Spirit   .   b - +0 leather armour
rPois   .          Reflect  .   (no helmet)
rElec   .          Harm     .   (no cloak)
rCorr   .          Rampage  .   (no gloves)
Will    .....                   (no boots)
Stlth   ++........              (no amulet)
HPRegen 0.08/turn               (no ring)
MPRegen 0.08/turn               (no ring)

@: no status effects
A: claws 1
a: no special abilities


You were on level 6 of the Dungeon.
You visited 1 branch of the dungeon, and saw 2 of its levels.

You collected 56 gold pieces.

Inventory:

Hand Weapons
 a - a +0 mace (weapon)
Missiles
 h - 5 curare-tipped darts (quivered)
Armour
 b - a +0 leather armour (worn)
Wands
 g - a wand of digging (3)
 j - a wand of roots (8)
Scrolls
 c - a scroll of fog
 d - a scroll of magic mapping
 e - a scroll of fear
Potions
 f - a potion of haste
 i - a potion of heal wounds {unknown}


   Skills:
 - Level 3.0 Fighting
 - Level 2.8 Maces & Flails
 - Level 1.7 Dodging
 - Level 4.5 Stealth
 * Level 0.0 Unarmed Combat


You had one spell level left.
You didn't know any spells.
Your spell library contained the following spells:

 Spells                   Type           Power      Damage    Failure   Level
 Inner Flame              Hex/Fire       0%         N/A       80%         3
 Cause Fear               Hex            0%         N/A       99%         4
 Discord                  Hex            0%         N/A       100%        8


Dungeon Overview and Level Annotations

Branches:
Dungeon (6/15)
 Temple: D:4-7

Altars:


Innate Abilities, Weirdness & Mutations

You have sharp fingernails.


Message History

Aim: an ice beast The roots erupt in riotous growth!
Roots grab the ice beast.
The grasping roots constrict the ice beast!
The ice beast struggles to escape constriction.
Aiming: Fastroot
Press: ? - help, Shift-Dir - straight line, f/p - ice beast
Aim: an ice beast (moderately wounded, constricted by roots)
The roots erupt in riotous growth!
The ice beast is unaffected.
The grasping roots constrict the ice beast.
The roots release their grip on the ice beast.
Aiming: Fastroot
Press: ? - help, Shift-Dir - straight line, f/p - ice beast
Aim: an ice beast (heavily wounded)
The roots erupt in riotous growth!
Roots grab the ice beast.
The grasping roots constrict the ice beast.
The ice beast struggles to escape constriction.
Throw: 6 darts (curare)
Press: ? - help, Shift-Dir - straight line, f/p - ice beast
Aim: an ice beast (heavily wounded, constricted by roots, 93% to hit)
You throw a curare-tipped dart.
The curare-tipped dart hits the ice beast.
The ice beast is heavily wounded.
The grasping roots constrict the ice beast!
The roots release their grip on the ice beast.
You hit the ice beast but do no damage.
The ice beast is almost dead.
The ice beast barely misses you.
The ice beast hits you but does no damage.
You barely miss the ice beast.
The ice beast is almost dead.
The ice beast hits you but does no damage.
You hit the ice beast.
The ice beast is almost dead.
The ice beast hits you. The ice beast freezes you!
You barely miss the ice beast.
The ice beast is almost dead.
The ice beast hits you. The ice beast freezes you!
You die...

##################
#....)............
#.################
#.# #.# #@# ##
........Y(..... #.
....#.......... #.
<. #<....#####
.>..... ##.....#.
#.....#.# ..###.#
#


You could see an ice beast.

Vanquished Creatures
  A gnoll (D:6)
  A white imp (D:6)
2 creatures vanquished.

Notes
Turn   | Place    | Note
-------+----------+-------------------------------------------
     0 | D:5      | blackman the Demonspawn Delver began the quest for the Orb.
     0 | D:5      | Reached XP level 1. HP: 18/18 MP: 1/1
    21 | D:5      | Noticed a gnoll bouda
    38 | D:5      | Noticed an orc wizard
    73 | D:6      | Gained mutation: You have sharp fingernails. [demonic
                  | ancestry]
    73 | D:6      | Reached XP level 2. HP: 9/24 MP: 2/2
   457 | D:6      | Noticed an ice beast
   466 | D:6      | Slain by an ice beast

Illustrated notes

Levels and vault maps discovered:
D:5:      layout_gridville, nicolae_stop_n_shop_1
D:6:      layout_loops_ring, glass_columns_c, uniq_prince_ribbit1

Skill      XL: |  1 |
---------------+----+-----
Maces & Flails | 2 |  2.8
Fighting       | |  3.0
Dodging        | |  1.7
Stealth        | |  4.5

Action                   || total
-------------------------++-------
Melee: Mace              ||    10
Throw: Dart              ||     3
Evoke: Wand              ||     4
 Stab: Sleeping          ||     1
Armor: Leather armour    ||     3
Dodge: Dodged            ||     3
